 Dungeon Crawl Stone Soup version 0.29-a0-317-gd16b76e6b1 (webtiles) character file.

Game seed: 6027632663709450094

397 Dabor the Vexing (level 6, -1/36 HPs)
             Began as a Deep Elf Arcane Marksman on Mar 31, 2022.
             Was an Initiate of Hepliaklqana.
             Killed from afar by Ijyb (31 damage)
             ... with a bolt of acid
             ... on level 5 of the Dungeon.
             The game lasted 00:12:15 (7271 turns).

Dabor the Vexing (Deep Elf Arcane Marksman)         Turns: 7271, Time: 00:12:15

Health: -1/36      AC:  4    Str:  7    XL:     6   Next: 53%
Magic:  5/14       EV: 14    Int: 18    God:    Hepliaklqana [......]
Gold:   179        SH:  5    Dex: 17    Spells: 8/13 levels left

rFire   . . .      SeeInvis .   a - +0 shortbow
rCold   . . .      Faith    .   (shield currently unavailable)
rNeg    . . .      Spirit   .   b - +0 robe
rPois   .          Reflect  +   w - +0 helmet
rElec   .          Harm     .   o - scarf {repulsion}
rCorr   .          Rampage  .   x - +0 pair of gloves
Will    +....                   (no boots)
Stlth   ++........              i - amulet of reflection
HPRegen 0.12/turn               e - ring of willpower
MPRegen 0.14/turn               (no ring)

@: repel missiles
A: no striking features
a: Renounce Religion


You were on level 5 of the Dungeon.
You worshipped Hepliaklqana.
Hepliaklqana was noncommittal.
You visited 2 branches of the dungeon, and saw 6 of its levels.

You collected 179 gold pieces.

Inventory:

Hand Weapons
 a - a +0 shortbow (weapon)
 y - a +2 trident of protection
Missiles
 z - 14 poisoned darts
Armour
 b - a +0 robe (worn)
 o - a scarf of repulsion (worn)
 q - a +2 chain mail of poison resistance
 w - a +0 helmet (worn)
 x - a +0 pair of gloves (worn)
Jewellery
 e - a ring of willpower (left hand)
 i - an amulet of reflection (around neck)
 v - a ring of ice
Wands
 n - a wand of paralysis (7)
 u - a wand of flame (14)
Scrolls
 c - a scroll of vulnerability
 f - 4 scrolls of teleportation
 l - a scroll of fear
 m - 2 scrolls of immolation
 r - 2 scrolls of identify
 t - a scroll of fog
Potions
 d - 3 potions of curing {unknown}
 h - a potion of lignification {unknown}
 j - a potion of ambrosia {unknown}
 k - 4 potions of brilliance
 p - 3 potions of heal wounds {unknown}
 s - a potion of attraction {unknown}


   Skills:
 + Level 2.5 Fighting
 + Level 4.8 Bows
 + Level 4.2 Dodging
 + Level 4.1 Spellcasting
 + Level 5.5 Hexes


You had 8 spell levels left.
You knew the following spells:

 Your Spells              Type           Power      Damage    Failure   Level
a - Slow                  Hex            92%        N/A       1%          1
b - Cause Fear            Hex            11%        N/A       14%         4

Your spell library contained the following spells:

 Spells                   Type           Power      Damage    Failure   Level
 Confusing Touch          Hex            23%        N/A       4%          3
 Sting                    Tmut/Pois      12%        1d3       14%         1
 Inner Flame              Hex/Fire       13%        N/A       14%         3
 Portal Projectile        Hex/Tloc       26%        N/A       14%         3
 Poisonous Vapours        Pois/Air       6%         N/A       22%         2
 Vampiric Draining        Necr           3%         2d6       41%         3
 Olgreb's Toxic Radiance  Pois           3%         N/A       82%         4


Dungeon Overview and Level Annotations

Branches:
Dungeon (5/15)             Temple (1/1) D:4

Altars:
Ashenzari
Cheibriados
Elyvilon
Fedhas
Gozag
Hepliaklqana
Kikubaaqudgha
Makhleb
Nemelex Xobeh
Okawaru
Qazlal
Ru
Sif Muna
Trog
Uskayaw
Vehumet
Wu Jian
Xom
Yredelemnul
Zin
The Shining One

Shops:
D:5 (

Annotations:
D:5 Ijyb


Message History

Shoot: a) +0 shortbow
Press: ? - help, Shift-Dir - straight line, f/p - hound
Aim: a hound (severely wounded, slow, 53% to hit)
You shoot an arrow. The arrow hits the hound.
The hound is almost dead.
Shoot: a) +0 shortbow
Press: ? - help, Shift-Dir - straight line, f/p - hound
Aim: a hound (almost dead, slow, 53% to hit)
You shoot an arrow. The arrow closely misses the hound.
The arrow closely misses Ijyb.
Shoot: a) +0 shortbow
Press: ? - help, Shift-Dir - straight line, f/p - hound
Aim: a hound (almost dead, slow, 53% to hit)
You shoot an arrow. The arrow barely misses the hound.
The arrow hits Ijyb but does no damage.
Shoot: a) +0 shortbow
Press: ? - help, Shift-Dir - straight line, f/p - hound
Aim: a hound (almost dead, slow, 53% to hit)
You shoot an arrow. The arrow hits the hound!
You kill the hound!
You feel yourself slow down.
Shoot: a) +0 shortbow
Press: ? - help, Shift-Dir - straight line, f - Ijyb
Aim: Ijyb, wielding a +0 club, wearing a +0 chain mail and carrying a wand of acid (6) (63% to hit)
Unknown command.
Aiming: Slow (safe; 1% risk of failure)
Press: ? - help, Q - select action, (/) - cycle Shift-Dir - straight line, f - Ijyb
Aim: Ijyb, wielding a +0 club, wearing a +0 chain mail and carrying a wand of acid (6) (chance to affect: 71%) Ijyb seems to slow down.
Shoot: a) +0 shortbow
Press: ? - help, Shift-Dir - straight line, f/p - Ijyb
Aim: Ijyb, wielding a +0 club, wearing a +0 chain mail and carrying a wand of acid (6) (slow, 63% to hit)
You shoot an arrow. The arrow closely misses Ijyb.
Shoot: a) +0 shortbow
Press: ? - help, Shift-Dir - straight line, f/p - Ijyb
Aim: Ijyb, wielding a +0 club, wearing a +0 chain mail and carrying a wand of acid (6) (slow, 63% to hit)
You shoot an arrow. The arrow hits Ijyb but does no damage.
Ijyb zaps a wand.
The bolt of acid hits you!!
Ouch! That really hurt!
You die...

..# .....#..#####.## ..#
......#..##....# ..#
.###..#..#..#### ..#
.#8#..#....## ..#
.....$#..### ©....Z#©g#
.....Z#..# .#8#[.#..#
.###..#.@# .
......#..######## ..
......#.........#####
..#############.).......#...#
.......................#.#..#
......................#...#.#
.........##..........#..∩..##
............####......#...#.#
##.......#### #.......#.#..#


You could see Ijyb (slow), a centaur zombie and a howler monkey skeleton.

Vanquished Creatures
  A phantom (D:4)
  A gnoll sergeant (D:4)
  A hound (D:5)
  An orc priest (D:3)
  7 gnolls
  2 adders
  A worm (D:3)
  3 dart slugs
  An orc (D:3)
  6 ball pythons
  8 endoplasms
  4 giant cockroaches
  10 goblins
  9 hobgoblins
  7 jackals
  5 quokkas
  8 bats
  9 frilled lizards (D:2)
  6 kobolds
  7 rats
97 creatures vanquished.

Vanquished Creatures (collateral kills)
  2 orcs (D:3)
2 creatures vanquished.

Vanquished Creatures (others)
  8 plants (D:2)
8 creatures vanquished.

Grand Total: 107 creatures vanquished

Notes
Turn   | Place    | Note
-------+----------+-------------------------------------------
     0 | D:1      | Dabor the Deep Elf Arcane Marksman began the quest for the
                  | Orb.
     0 | D:1      | Reached XP level 1. HP: 11/11 MP: 5/5
    76 | D:1      | Reached skill level 1 in Fighting
   364 | D:1      | Reached XP level 2. HP: 12/16 MP: 6/6
  1231 | D:1      | Reached XP level 3. HP: 20/20 MP: 6/8
  1791 | D:2      | Identified a scroll of acquirement
  1791 | D:2      | Acquired a ring of willpower
  1808 | D:2      | You fall into a shaft and drop 1 floor!
  2374 | D:3      | Reached XP level 4. HP: 8/25 MP: 9/9
  3696 | D:2      | Reached XP level 5. HP: 30/30 MP: 11/11
  5253 | D:4      | Noticed a phantom
  5324 | D:4      | Reached skill level 5 in Hexes
  5496 | D:4      | Killed a phantom
  5497 | D:4      | Reached XP level 6. HP: 34/36 MP: 13/13
  5807 | D:4      | Learned a level 4 spell: Cause Fear
  6513 | D:4      | Found a staircase to the Ecumenical Temple.
  6700 | Temple   | Entered the Ecumenical Temple
  7008 | Temple   | Became a worshipper of Hepliaklqana the Forgotten
  7063 | D:5      | Entered Level 5 of the Dungeon
  7112 | D:5      | Found Geufaoc's Antique Weapon Shop.
  7191 | D:5      | Noticed Ijyb
  7271 | D:5      | Killed from afar by Ijyb

Illustrated notes

Levels and vault maps discovered:
D:1:      lemuel_arrival_muddy, layout_basic
D:2:      layout_basic, minmay_lizard_king
D:3:      layout_loops_corners, minmay_increasing_density
D:4:      layout_rooms, temple_hall
D:5:      layout_rooms, serial_shops, nicolae_diamond_shop,
          gammafunk_ghost_mausoleum, uniq_ijyb
Temple:   mainiacjoe_temple_circle_huts

Skill      XL: |  1  2  3  4  5  6 |
---------------+-------------------+-----
Fighting       | 1 2 |  2.5
Bows           | 3 4 |  4.8
Spellcasting   | 2 3 4 |  4.1
Dodging        | 3 4 |  4.2
Hexes          | 5 |  5.5

Action                   |  1- 3 |  4- 6 || total
-------------------------+-------+-------++-------
 Fire: Shortbow          |   157 |   215 ||   372
Throw: Dart              |       |     8 ||     8
 Cast: Slow              |     8 |    25 ||    33
       Cause Fear        |       |     2 ||     2
Evoke: Wand              |       |     2 ||     2
  Use: Scroll            |     1 |     7 ||     8
       Potion            |       |     1 ||     1
Armor: Robe              |    15 |    15 ||    30
Dodge: Dodged            |    73 |    80 ||   153
Block: Other             |     6 |    25 ||    31
       Reflection        |       |     3 ||     3

Table legend: (Time is in decaauts)
 A = Elapsed time spent in this place.
 B = Non-inter-level travel time spent in this place.
 C = Inter-level travel time spent in this place.
 D = Time resting spent in this place.
 E = Time spent auto-exploring this place.
 F = Levels seen in this place.
 G = Mean time per level.
                   A        B        C        D        E       F      G
               +--------+--------+--------+--------+--------+-----+--------+
         Total |   7391 |   6948 |    443 |   1503 |   4365 |   6 | 1231.8 |
       Dungeon |   7064 |   6664 |    400 |   1503 |   4104 |   5 | 1412.8 |
        Temple |    326 |    283 |     43 |      0 |    261 |   1 |  326.0 |
               +--------+--------+--------+--------+--------+-----+--------+

Top non-repeatable levels by time:
     D:3: 3210 daAuts
     D:1: 1763 daAuts
     D:2: 996 daAuts
     D:4: 889 daAuts
  Temple: 326 daAuts
     D:5: 204 daAuts
